Map: Catalisador LE

Players

IagoAbreu - Winner!

  • Race: Terran Terran
  • League: Gold
  • Spawn Location: 11:00

Sigurd

  • Race: Terran Terran
  • League: Silver
  • Spawn Location: 5:00

VOD

Have the link to the VOD?

Description

Time

  • Played on: May 14, 2018, 1:47 p.m.
  • Length: 14:04
Show
View Real Time Build Order
Export as new Build Order

IagoAbreu Terran - Winner!

Build Orders: Liberator Opening 

Get SALT Encoding   

  12  0:01  SCV  
  13  0:15  Supply Depot  
  13  0:19  SCV  
  14  0:31  SCV  
  14  0:35  Refinery  
  15  0:43  SCV  
  15  0:49  Barracks  
  16  0:55  SCV  
  17  1:00  Supply Depot  
  17  1:04  Supply Depot  
  17  1:07  SCV  
  18  1:35  Refinery  
  18  1:37  SCV  
  19  1:44  Factory  
  19  1:49  Marine  
  20  1:54  Orbital Command  
  20  2:08  Barracks Reactor  
  20  2:26  SCV  
  21  2:33  Starport  
  23  2:50  Marine x2  
  23  2:57  Hellion  
  25  3:04  SCV  
  25  3:16  SCV  
  25  3:17  Command Center  
  26  3:23  Armory  
  26  3:28  Liberator  
  26  3:29  Factory Reactor  
  26  3:30  Starport  
  29  3:53  Supply Depot  
  29  3:56  Supply Depot  
  29  4:08  Liberator  
  29  4:17  Terran Vehicle Weapons Level 1  
  29  4:22  Marine  
  29  4:40  Marine  
  29  4:47  Factory Tech Lab  
  29  4:51  Liberator  
  31  5:20  Orbital Command  
  31  5:22  SCV  
  31  5:27  Barracks Reactor, Refinery x2  
  31  5:31  Siege Tank  
  31  5:34  SCV  
  35  5:46  SCV  
  36  5:59  SCV  
  36  6:01  Liberator  
  37  6:04  Liberator  
  37  6:14  Marine  
  37  6:15  Marine  
  42  6:32  Marine x2  
  41  6:49  Engineering Bay  
  41  6:50  Marine x2  
  41  6:51  Siege Tank  
  43  7:17  SCV x2  
  43  7:20  Liberator x2  
  43  7:21  Liberator  
  45  7:24  Marine x2  
  45  7:29  SCV x2  
  49  7:31  Terran Infantry Weapons Level 1  
  49  7:41  Marine  
  49  7:42  Marine  
  60  7:44  Terran Ship Weapons Level 1  
  60  7:54  Supply Depot  
  60  7:57  Supply Depot  
  60  7:59  Marine x2  
  62  8:17  Marine x2  
  64  8:30  Sensor Tower  
  64  8:32  SCV  
  64  8:33  Sensor Tower  
  65  8:34  SCV  
  66  8:42  Marine x2  
  66  8:44  SCV  
  66  8:46  SCV  
  70  8:57  SCV  
  70  8:58  SCV  
  70  9:00  Marine x2  
  71  9:09  SCV  
  72  9:10  Viking x4  
  72  9:11  SCV  
  80  9:18  Marine x2  
  80  9:21  SCV  
  80  9:23  SCV  
  84  9:34  Widow Mine  
  86  9:41  Marine x2  
  88  9:56  Widow Mine  
  88  9:59  Marine x2  
  92  10:17  Viking  
  94  10:27  Marine x2, Viking x3  
  102  10:30  Supply Depot  
  102  10:31  Supply Depot x2  
  102  10:45  Marine x2  
  102  10:47  Viking  
  106  10:57  Viking x3  
  106  11:04  Terran Infantry Weapons Level 2  
  114  11:06  Terran Ship Weapons Level 2  
  114  11:12  Liberator x4  
  114  11:15  Reaper x2  
  126  11:47  Reaper x2  
  128  11:55  Command Center, Siege Tank  
  131  12:19  Reaper x2  
  133  12:46  Supply Depot  
  133  12:47  Supply Depot  
  133  12:49  Siege Tank  
  91  13:02  Liberator x2  
Show
View Real Time Build Order
Export as new Build Order

Sigurd Terran 

Build Orders:  

Get SALT Encoding   

  12  0:15  SCV  
  13  0:27  SCV  
  14  0:30  Supply Depot  
  14  0:39  SCV  
  14  0:41  Supply Depot  
  15  0:52  SCV  
  15  0:54  Barracks  
  16  1:04  SCV  
  16  1:05  Supply Depot  
  17  1:16  SCV  
  18  1:27  Refinery  
  18  1:28  SCV  
  19  1:32  Barracks  
  19  1:40  SCV  
  19  1:41  Marine  
  21  1:54  Supply Depot  
  21  1:55  SCV  
  21  1:59  Marine  
  23  2:05  Refinery  
  23  2:13  Orbital Command  
  23  2:17  Marine  
  24  2:26  Engineering Bay  
  24  2:28  Barracks Tech Lab  
  24  2:35  Marine  
  25  2:47  Marauder  
  25  2:51  SCV  
  28  2:53  Marine  
  29  2:58  Missile Turret  
  29  3:09  Marauder  
  31  3:14  Barracks Reactor  
  31  3:16  Terran Infantry Weapons Level 1  
  31  3:20  SCV, Missile Turret  
  32  3:30  Marauder  
  32  3:32  SCV  
  35  3:43  Factory  
  35  3:46  SCV  
  36  3:58  Missile Turret  
  36  4:03  Missile Turret  
  36  4:14  Barracks  
  36  4:15  Marine x2  
  38  4:17  Missile Turret  
  37  4:32  Marine  
  37  4:33  Marine  
  33  5:05  Marine x2  
  33  5:07  Factory Tech Lab  
  35  5:10  Starport  
  35  5:14  Barracks Reactor  
  35  5:22  Marine  
  35  5:23  Marine  
  37  5:41  Command Center  
  37  5:47  Cyclone, Missile Turret  
  31  6:19  Cyclone  
  32  6:40  SCV  
  32  6:43  Viking  
  35  6:52  SCV  
  36  7:04  SCV  
  37  7:12  Marine  
  37  7:13  Marine, Viking  
  41  7:17  SCV  
  41  7:22  Marine x2  
  43  7:29  SCV  
  45  7:30  Marine x2  
  45  7:33  Missile Turret  
  47  7:55  Supply Depot  
  47  8:09  Missile Turret  
  47  8:16  Marine x4  
  47  8:18  Supply Depot  
  51  8:24  Viking  
  53  8:29  Missile Turret  
  53  8:34  Marine x2  
  53  8:41  Supply Depot  
  52  8:49  Missile Turret  
  52  8:54  Viking  
  54  9:10  Missile Turret  
  52  9:20  Marine x2  
  52  9:22  Marine x2  
  52  9:23  Siege Tank  
  57  9:38  Marine x2, Medivac  
  59  9:39  Marine  
  59  9:43  SCV  
  59  9:45  SCV  
  64  9:55  SCV, Siege Tank, Refinery  
  64  9:58  SCV  
  56  10:08  SCV  
  57  10:16  Supply Depot  
  57  10:20  SCV  
  58  10:34  Starport Reactor  
  58  10:41  SCV  
  59  10:50  Fusion Core  
  59  10:53  SCV  
  59  10:54  Marine x2  
  59  10:56  Marine  
  63  10:57  Starport  
  63  11:01  Combat Shields  
  63  11:05  SCV  
  64  11:12  Marine x2  
  64  11:17  SCV  
  64  11:18  Viking  
  69  11:24  Refinery  
  69  11:30  SCV  
  70  11:39  Marauder  
  72  11:40  Marine x2  
  72  11:42  SCV  
  75  11:54  SCV  
  76  11:58  Marine  
  76  12:00  Marauder  
  79  12:01  Missile Turret  
  79  12:06  SCV  
  79  12:08  Viking  
  82  12:09  Viking  
  84  12:16  Starport Tech Lab  
  84  12:18  SCV  
  63  13:06  Marine x2  
  54  13:19  Marine x2  
  31  13:22  Siege Tank  
  31  13:23  Marine  
  31  13:24  Marine  
  18  13:37  Marine  
Tags
 
Add a new tag
Caveats
  • Supply blocks, unpowered buildings, or Contaminate may cause inaccurate times.
  • Supply counts are checked every 10 seconds.